 Dungeon Crawl Stone Soup version 0.27-a0-1308-gc08437e49b (webtiles) character file.

Game seed: 44051176157673071

734 Sobieck the Ducker (level 7, -1/38 HPs)
             Began as a Spriggan Berserker on June 18, 2021.
             Was a Priest of Trog.
             Killed by divine providence
             ... invoked by an orc priest
              (12 damage)
             ... on level 5 of the Dungeon.
             The game lasted 00:09:30 (5236 turns).

Sobieck the Ducker (Spriggan Berserker)             Turns: 5236, Time: 00:09:31

Health: -1/38      AC:  3    Str: 17    XL:     7   Next: 45%
Magic:  8/8        EV: 36    Int:  9    God:    Trog [***...]
Gold:   241        SH:  0    Dex: 16    Spells: 6/6 levels left

rFire    . . .     SeeInvis +   a - +1 falchion {long}
rCold    + . .     Faith    .   (shield restricted)
rNeg     + . .     Spirit   .   b - +1 animal skin
rPois    .         Reflect  .   (helmet restricted)
rElec    .         Harm     .   (no cloak)
rCorr    .         Rampage  .   (gloves unavailable)
Will     +....                  (boots unavailable)
Stlth    +.........             o - amulet of the acrobat
HPRegen  0.12/turn              j - ring of Xaipefej {rC+ rN+ Str+2 Dex+2 SInv}
MPRegen  0.11/turn              (no ring)

@: on berserk cooldown, acrobatic, slowed, quick
A: very small, no large weapons, unfitting armour, see invisible, speed 3
a: Renounce Religion, Berserk, Trog's Hand


You were on level 5 of the Dungeon.
You worshipped Trog.
Trog was most pleased with you.
You visited 1 branch of the dungeon, and saw 6 of its levels.

You collected 241 gold pieces.


Innate Abilities, Weirdness & Mutations

You are very small and have problems with some larger weapons.
You are too small for most types of armour.
You have supernaturally acute eyesight. (SInv)
You cover ground extremely quickly. (Speed+++)


   Skills:
 + Level 4.6 Fighting
 + Level 4.6 Long Blades
 + Level 7.4 Dodging


You had 6 spell levels left.
You didn't know any spells.
Your spell library was empty.

Inventory:

Hand Weapons
 a - a +1 falchion (weapon) {long}
 c - a +0 hunting sling {sling}
   (You found it on level 1 of the Dungeon)
 k - a +0 short sword of speed {short}
   (You took it off a kobold on level 2 of the Dungeon)
 p - a +1 whip of electrocution {mace}
   (You took it off an orc on level 5 of the Dungeon)
Missiles
 d - 126 stones {throwing}
 e - 17 bolts
 g - 27 poisoned darts {throwing}
 h - 2 boomerangs {throwing}
 m - 10 sling bullets
 n - 35 arrows
 q - 2 silver boomerangs {throwing}
 r - 7 atropa-tipped darts {throwing}
Armour
 b - a +1 animal skin (worn)
Jewellery
 j - the ring of Xaipefej (left hand) {rC+ rN+ Str+2 Dex+2 SInv}
   (You acquired it on level 4 of the Dungeon)

   [ring of protection from cold]

   It affects your strength (+2).
   It affects your dexterity (+2).
   It protects you from cold.
   It protects you from negative energy.
   It lets you see invisible.
 o - an amulet of the acrobat (around neck)
   (You found it on level 2 of the Dungeon)
Wands
 s - a wand of iceblast (5)
   (You found it on level 5 of the Dungeon)
Scrolls
 f - 5 scrolls of identify {@r1}
 l - a scroll of magic mapping {unknown}
Potions
 i - 4 potions of curing {@q1}
 t - a potion of ambrosia {unknown}

Dungeon Overview and Level Annotations

Branches:
Dungeon (6/15)
 Temple: D:4-7

Altars:
Fedhas
Kikubaaqudgha
Zin

Shops:
D:3 ?   D:4 = D:5

[
#..##########...)
#..#### ####
#.....# ##.##.#
#.##.# #.##.#
#.##.# #.##.#
#@##.# #.##.# #
#.##.# #.#.#
#.#.# #.#o# #...#
###.o#########
#...oS........


You could see an orc priest and an orc wizard.


Message History

A bullfrog zombie comes into view.
An orc comes into view. It is wielding a +2 dagger of venom.
An orc comes into view. It is wielding a +0 short sword.
An orc wizard comes into view. It is wielding a +0 dagger.
Found 22 stones.
Found Ceuc's Armour Shop.
Found an escape hatch in the ceiling.
Unknown command.
A red film seems to cover your vision as you go berserk!
You feel yourself moving faster!
You feel mighty!
The orc shouts! x2
An orc comes into view. It is wielding a +0 whip. 😎 HP[+19]
You now have 57 max hp (+19).
Your hp is fully restored (57).
You feel a strong urge to attack something.
An orc comes into view. It is wielding a +0 club.
The orc shouts! x2
The orc priest looks encouraged for a moment.
The orc completely misses you.
You closely miss the orc. The orc misses you.
You riposte.
You closely miss the orc.
The orc priest looks satisfied for a moment.
You hit the orc. The orc misses you. The orc completely misses you.
You riposte.
You slash the orc!
You kill the orc!
Trog accepts your kill.
You hit the orc. The orc misses you. The orc closely misses you.
You hit the orc.
An adder comes into view.
The orc priest invokes the aid of Beogh against you.
Beogh smites you! The orc priest closely misses you. The orc misses you.
You riposte.
The adder hisses angrily.
You slash the orc!
You feel the power of Trog in you as your rage grows.
You kill the orc!
Trog accepts your kill. 😕 HP[-11]
You take 11 damage, and now have 46/57 hp.
You barely miss the orc.
The orc wizard mumbles some strange words.
The orc wizard flickers and vanishes for a moment.
You barely miss the orc. The orc completely misses you.
You riposte.
You closely miss the orc. The orc hits you but does no damage.
The orc priest calls down the wrath of Beogh upon you.
You resist with significant effort.
You completely miss the orc. The orc wizard misses you.
The orc closely misses you.
You riposte.
You slash the orc!
You kill the orc!
Trog accepts your kill. The orc barely misses you.
The orc completely misses you.
You riposte.
You slash the orc!
You kill the orc!
Trog accepts your kill. The orc priest closely misses you.
You riposte.
You slash the orc priest! You barely miss the orc priest.
The orc wizard barely misses you.
The orc priest miscasts a cantrip.
The bullfrog zombie hits you. 😮 HP[-4]
You take 4 damage, and now have 42/57 hp.
You are too injured to fight recklessly!
You are too injured to fight recklessly!
You are too injured to fight recklessly!
Unknown command.
You slash the orc priest!
You kill the orc priest!
Trog accepts your kill. The orc barely misses you.
You slash the orc wizard!
You kill the orc wizard!
Trog accepts your kill.
Trog appreciates your killing of a magic user.
The orc hits you with a +0 short sword. x2
The orc wizard casts a spell at you. The puff of flame misses you.
The puff of flame hits the orc!
The orc dies!
The orc misses you.
You riposte.
You slash the orc!
You feel the power of Trog in you as your rage grows.
You kill the orc!
Trog accepts your kill. 😮 HP[-8]
You take 8 damage, and now have 34/57 hp.
You feel a strong urge to attack something.
There is a stone staircase leading down here.
Unknown command.
You feel your anger nearly subside.
You are no longer berserk.
You are exhausted.
You feel yourself slow down.
You see here a +0 whip {mace}. 😮 HP[-11]
You now have 38 max hp (-19).
The orc priest mumbles some strange prayers to Beogh against you.
Beogh smites you!
* * * LOW HITPOINT WARNING * * *
😨 HP[-12]
You take 12 damage, and now have 11/38 hp.
MASSIVE DAMAGE!! (PAUSE)
The orc priest invokes the aid of Beogh against you.
Beogh smites you!
You die...

Skill      XL: |  1  2  3  4  5  6  7 |
---------------+----------------------+-----
Fighting       | 3 4 |  4.6
Long Blades    | 3 4 |  4.6
Dodging        | 5 6 7 |  7.4

Action                   |  1- 3 |  4- 6 |  7- 9 || total
-------------------------+-------+-------+-------++-------
Melee: Falchion          |   137 |   119 |    33 ||   289
Invok: Berserk           |     4 |     7 |     2 ||    13
  Use: Scroll            |     7 |     1 |       ||     8
 Stab: Sleeping          |     1 |     3 |       ||     4
Armor: Animal skin       |    17 |    15 |     2 ||    34
Dodge: Dodged            |   136 |   111 |    39 ||   286
       Rpst.: Falchion   |    38 |    31 |    15 ||    84

Levels and vault maps discovered:
D:1:      lemuel_arrival_river_bridge, layout_basic,
          ebering_ecumenical_altar_webs, st_stairs_1
D:2:      layout_basic, minmay_misc_feat_diagonals
D:3:      layout_basic, fedhas_altar_1, serial_shops, nicolae_shop_crystal
D:4:      layout_loops_ring, gammafunk_temple_overflow_wave, serial_shops,
          nicolae_shop_statue_plus
D:5:      layout_basic, minmay_temple_entry_waves, serial_shops,
          nicolae_shop_statue_plus, lexackson_kobold_supper
D:6:      layout_cave_pools, slow_altar_2, lemuel_old_faithful

Notes
Turn   | Place    | Note
-------+----------+-------------------------------------------
     0 | D:1      | Sobieck the Spriggan Berserker began the quest for the Orb.
     0 | D:1      | Reached XP level 1. HP: 11/11 MP: 2/2
     0 | D:1      | magus.rc [v1.9.6]
    52 | D:1      | Found a faded altar of an unknown god.
   213 | D:1      | Reached XP level 2. HP: 16/16 MP: 3/3
   223 | D:1      | HP: 4/16 [frozen (5)]
  1313 | D:2      | Reached XP level 3. HP: 9/19 MP: 4/4
  1498 | D:2      | Reached ** piety under Trog
  1981 | D:2      | Reached skill level 3 in Fighting
  2133 | D:3      | Found Fynuummo's Magic Scroll Emporium.
  2188 | D:3      | Reached skill level 3 in Long Blades
  2225 | D:3      | Reached skill level 5 in Dodging
  2225 | D:3      | Reached XP level 4. HP: 24/24 MP: 5/5
  2326 | D:4      | Found Diel's Jewellery Boutique.
  2493 | D:3      | Found a blossoming altar of Fedhas.
  2804 | D:4      | Noticed a centaur
  2812 | D:4      | Killed a centaur
  2813 | D:4      | Reached XP level 5. HP: 28/28 MP: 6/6
  3365 | D:4      | Found a glowing silver altar of Zin.
  3366 | D:4      | Found an ancient bone altar of Kikubaaqudgha.
  3386 | D:4      | Noticed an ogre
  3400 | D:4      | Killed an ogre
  3401 | D:4      | Reached skill level 6 in Dodging
  3401 | D:4      | Reached XP level 6. HP: 26/33 MP: 7/7
  3403 | D:4      | Reached *** piety under Trog
  3578 | D:4      | Reached skill level 4 in Fighting
  3578 | D:4      | Reached skill level 4 in Long Blades
  4048 | D:5      | Entered Level 5 of the Dungeon
  4648 | D:4      | Identified a scroll of acquirement
  4648 | D:4      | Acquired the ring of Xaipefej {rC+ rN+ Str+2 Dex+2 SInv}
  4797 | D:5      | Reached XP level 7. HP: 37/37 MP: 8/8
  4946 | D:6      | Reached skill level 7 in Dodging
  5213 | D:5      | Found Ceuc's Armour Shop.
  5236 | D:5      | Killed from afar by an orc priest

Vanquished Creatures
  A necrophage (D:6)
  An ogre (D:4)
  A centaur (D:4)
  A jelly (D:5)
  2 orc priests
  A bullfrog skeleton (D:4)
  4 hounds
  A centaur skeleton (D:4)
  An iguana (D:5)
  An orc wizard (D:5)
  2 hound skeletons (D:4)
  5 adders
  2 worms
  2 dart slugs
  16 orcs
  6 ball pythons
  7 endoplasms
  5 giant cockroaches
  2 goblins (D:1)
  6 hobgoblins
  6 jackals
  6 kobolds
  A quokka (D:3)
  5 bats
  4 frilled lizards
  5 rats
94 creatures vanquished.

Vanquished Creatures (others)
  An orc (D:5)
1 creature vanquished.

Grand Total: 95 creatures vanquished

Table legend:
 A = Non-vault XP
 B = Vault XP
 C = Vault XP percentage of total XP
 D = Non-vault monster count
 E = Vault monster count
 F = Vault count percentage of total count
                 A         B        C        D         E       F
            +---------+---------+-------+---------+---------+-------
      Total |    1046 |       3 |   0.3 |      92 |       2 |   2.1
            +---------+---------+-------+---------+---------+-------
        D:1 |      34 |       3 |   8.1 |      21 |       2 |   8.7
        D:2 |      40 |       0 |   0.0 |      15 |       0 |   0.0
        D:3 |      63 |       0 |   0.0 |      15 |       0 |   0.0
        D:4 |     510 |       0 |   0.0 |      23 |       0 |   0.0
        D:5 |     278 |       0 |   0.0 |      17 |       0 |   0.0
        D:6 |     121 |       0 |   0.0 |       1 |       0 |   0.0
            +---------+---------+-------+---------+---------+-------

Illustrated notes

Table legend:
 A = Kills in this place as a percentage of kills in entire the game.
 B = Kills by you in this place as a percentage of kills by you in the entire game.
 C = Kills by friends in this place as a percentage of kills by friends in the entire game.
 D = Other kills in this place as a percentage of other kills in the entire game.
 E = Experience gained in this place as a percentage of experience gained in the entire game.
 F = Experience gained in this place divided by the number of levels of this place that you have seen.
                   A       B       C       D       E      F
               +-------+-------+-------+-------+-------+----------------------
         Total | 100.0 | 100.0 |   N/A |   N/A | 100.0 | 174.8
       Dungeon | 100.0 | 100.0 |   N/A |   N/A | 100.0 | 174.8
               +-------+-------+-------+-------+-------+----------------------

Table legend: (Time is in decaauts)
 A = Elapsed time spent in this place.
 B = Non-inter-level travel time spent in this place.
 C = Inter-level travel time spent in this place.
 D = Time resting spent in this place.
 E = Time spent auto-exploring this place.
 F = Levels seen in this place.
 G = Mean time per level.
                   A        B        C        D        E       F      G
               +--------+--------+--------+--------+--------+-----+--------+
         Total |   4512 |   4376 |    136 |   1900 |   1803 |   6 |  752.0 |
       Dungeon |   4512 |   4376 |    136 |   1900 |   1803 |   6 |  752.0 |
               +--------+--------+--------+--------+--------+-----+--------+

Top non-repeatable levels by time:
     D:4: 1766 daAuts
     D:1: 1063 daAuts
     D:2: 742 daAuts
     D:3: 489 daAuts
     D:5: 432 daAuts
     D:6: 18 daAuts
